 Dungeon Crawl Stone Soup version 0.22-a0-354-g30dfbe6 (webtiles) character file.

452 Kairos the Cudgeler (level 7, -2/36 HPs)
             Began as a Vine Stalker Fighter on Apr 16, 2018.
             Slain by a bullfrog (4 damage)
             ... in a sewer.
             The game lasted 00:07:38 (2962 turns).

Kairos the Cudgeler (Vine Stalker Fighter)          Turns: 2962, Time: 00:07:39

Health: -2/36      AC:  5    Str: 19    XL:     7   Next: 5%
Magic:  0/8        EV:  7    Int:  8    God:
Gold:   137        SH: 10    Dex: 15    Spells: 6/6 levels left

rFire    . . .     SeeInvis .   a - +0 flail
rCold    . . .     Gourm    .   c - +0 shield
rNeg     . . .     Faith    .   d - +0 troll leather armour {Purgy}
rPois    .         Spirit   +   n - +0 helmet (curse)
rElec    .         Reflect  .   (no cloak)
rCorr    .         Harm     .   (no gloves)
MR       .....                  (no boots)
Stlth    +.........             (no amulet)
HPRegen  0.92/turn              (no ring)
MPRegen  0.11/turn              (no ring)

@: lethally poisoned (-2 -> -2), about to teleport, constricted
A: fangs 2, regeneration 1, magic shield, antimagic bite, no potion heal 3, rot
immunity
a: no special abilities


You were in a sewer.
You were hungry.

You visited 1 branch of the dungeon, and saw 3 of its levels.
You also visited: Sewer.

You collected 137 gold pieces.

Inventory:

Hand Weapons
 a - a +0 flail (weapon)
 e - a +3 quarterstaff of chaos
Armour
 b - a +0 scale mail
 c - a +0 shield (worn)
 d - a +0 troll leather armour (worn) {Purgy}
 g - a +0 leather armour of cold resistance
 n - a cursed +0 helmet (worn)
Scrolls
 h - a scroll of immolation
 i - 2 scrolls of remove curse
 l - a scroll of identify
 o - 2 scrolls of teleportation
 p - 2 scrolls of magic mapping
Potions
 k - 2 potions of heal wounds
 m - a potion of resistance
 r - 3 potions of magic {unknown}
 s - a potion of brilliance {unknown}
 t - a potion of haste {unknown}
Comestibles
 f - 5 rations
 q - 2 chunks of flesh


   Skills:
 + Level 3.5 Fighting
 + Level 4.2 Maces & Flails
 + Level 3.3 Armour
 + Level 1.5 Dodging
 + Level 0.6 Stealth
 + Level 4.1 Shields


You had 6 spell levels left.
You didn't know any spells.

Dungeon Overview and Level Annotations

Branches:
Dungeon (3/15)

Altars:


Innate Abilities, Weirdness & Mutations

You have extremely sharp teeth.
Your natural rate of healing is unusually fast.
When hurt, damage is shared between your health and your magic reserves.
Your bite disrupts and absorbs the magic of your enemies.
Potions cannot restore your health.
You are immune to rotting.


Message History

The bullfrog hits you.
* * * LOW HITPOINT WARNING * * *
The ball python closely misses you. The ball python constricts you.
As you read the scroll labeled MILAWI JOAPP, it crumbles to dust.
The scroll dissolves into smoke.
It was a scroll of fog.
The adder barely misses you. You block the ball python's attack. x2
The ball python bites you but does no damage.
The ball python barely misses you. The bullfrog hits you.
* * * LOW HITPOINT WARNING * * *
The ball python bites you but does no damage.
The ball python constricts you.
The ball python bites you but does no damage.
The adder bites you.
* * * LOW HITPOINT WARNING * * *
The ball python bites you but does no damage.
Unknown command.
As you read the scroll labeled WINIOX OFIMEAF, it crumbles to dust.
You feel strangely unstable.
It was a scroll of teleportation.
You feel sick. The bullfrog hits you.
You die...

##≈≈.≈.##..#
##≈≈..
#≈≈≈≈≈≈#####
#≈≈≈≈≈
#≈≈≈≈≈≈#
#≈≈≈≈≈
#≈≈≈≈≈≈#
#≈≈≈≈≈
#≈≈≈≈≈≈#
#≈≈≈≈≈
#≈≈≈≈≈≈#
#≈≈≈†≈
#≈#§§≈≈#
#≈≈÷.≈
#§SS§≈≈#
#≈≈().
#S@S≈≈≈#
#≈≈≈≈.
#FSS§≈≈#
#≈≈≈≈≈
#§≈§≈≈≈#
#≈≈≈≈≈
#≈≈≈≈≈≈#
#≈≈≈≈≈
#≈≈≈≈≈≈#
#≈≈≈≈≈
#≈≈≈≈≈≈#
#≈≈≈≈≈
#≈≈≈≈≈≈#
#≈≈≈≈≈
#≈≈≈≈≈≈#
#≈≈≈≈≈
##..≈≈.#
##≈.≈.


You could see a bullfrog, an adder and 5 ball pythons.

Vanquished Creatures
  Purgy (D:3)
  A bullfrog (Sewer)
  An orc priest (D:3)
  Crazy Yiuf (D:2)
  4 river rats
  9 adders
  6 worms
  2 dart slugs (D:1)
  5 leopard geckos
  3 orcs (D:3)
  7 ball pythons
  4 giant cockroaches
  6 goblins
  8 hobgoblins
  3 jackals (D:2)
  4 kobolds
  10 bats
  9 frilled lizards
  27 rats
111 creatures vanquished.

Notes
Turn   | Place    | Note
-------+----------+-------------------------------------------
     0 | D:1      | Kairos the Vine Stalker Fighter began the quest for the Orb.
     0 | D:1      | Reached XP level 1. HP: 11/11 MP: 2/2
    73 | D:1      | Reached XP level 2. HP: 10/16 MP: 3/3
   840 | D:1      | Reached XP level 3. HP: 14/20 MP: 1/4
  1591 | D:2      | HP: 1/20 [poisoned by an adder]
  1592 | D:2      | Gained mutation: Your natural rate of healing is unusually fast. [Vine Stalker growth]
  1592 | D:2      | Reached XP level 4. HP: 2/24 MP: 2/5
  1931 | D:2      | Found a runed door.
  2304 | D:2      | Noticed Crazy Yiuf
  2311 | D:2      | Killed Crazy Yiuf
  2311 | D:2      | Reached XP level 5. HP: 23/28 MP: 2/6
  2458 | D:3      | Noticed Purgy
  2491 | D:3      | Killed Purgy
  2491 | D:3      | Reached skill level 1 in Dodging
  2491 | D:3      | Reached XP level 6. HP: 28/32 MP: 5/7
  2581 | D:3      | Found a glowing drain.
  2585 | Sewer    | Entered a sewer
  2960 | Sewer    | Reached XP level 7. HP: 11/36 MP: 3/8
  2962 | Sewer    | Slain by a bullfrog

Vault maps used:
D:1:      grunt_arrival_lava_bath, bh_walls_and_bars
D:2:      minmay_randomly_rotated_circles, uniq_crazy_yiuf_cottage
D:3:      grunt_temple_overflow_open, gup_sewer_entry_bowl, uniq_purgy
Sewer:    sewer_minmay_w

Skill      XL: |  1  2  3  4  5  6 |
---------------+-------------------+-----
Fighting       | 3 |  3.5
Shields        | 3 4 |  4.1
Maces & Flails | 2 3 4 |  4.2
Armour         | 3 |  3.3
Dodging        | 1 |  1.5
Stealth        | |  0.6

Action                   |  1- 3 |  4- 6 |  7- 9 || total
-------------------------+-------+-------+-------++-------
Melee: Flail             |    95 |   226 |       ||   321
       Bite              |    16 |    74 |       ||    90
  Use: Scroll            |       |     6 |     2 ||     8
       Potion            |       |     2 |       ||     2
  Eat: Chunk             |     2 |     5 |       ||     7
Armor: Scale mail        |     8 |       |       ||     8
       Leather armour    |    21 |    32 |       ||    53
       Troll leather arm |       |    63 |     6 ||    69
Dodge: Dodged            |    40 |   110 |     4 ||   154
Block: Shield            |    48 |   162 |     5 ||   215

Table legend:
 A = Spawn XP
 B = Non-spawn XP
 C = Spawn XP percentage of total XP
 D = Spawn monster count
 E = Non-spawn monster count
 F = Spawn count percentage of total count
 G = Total turns spent on level
                    A         B        C        D         E        F      G
               +---------+---------+-------+---------+---------+-------+---------
         Total |       0 |     647 |   0.0 |       0 |     111 |   0.0 |  2962
               +---------+---------+-------+---------+---------+-------+---------
           D:1 |       0 |      43 |   0.0 |       0 |      22 |   0.0 |  1328
           D:2 |       0 |     158 |   0.0 |       0 |      36 |   0.0 |  1051
           D:3 |       0 |     213 |   0.0 |       0 |      12 |   0.0 |   206
         Sewer |       0 |     233 |   0.0 |       0 |      41 |   0.0 |   377
               +---------+---------+-------+---------+---------+-------+---------
